 Dungeon Crawl Stone Soup version 0.23-a0-451-g1044d4cbad (webtiles) character file.

29 Manul the Sneak (level 3, 0/27 HPs)
             Began as a Demonspawn Assassin on Nov 22, 2018.
             Succumbed to Terence's poison
             ... on level 2 of the Dungeon.
             The game lasted 00:00:56 (1014 turns).

Manul the Sneak (Demonspawn Assassin)               Turns: 1014, Time: 00:00:57

Health: 0/27       AC:  3    Str: 11    XL:     3   Next: 1%
Magic:  3/3        EV: 17    Int: 12    God:
Gold:   72         SH:  0    Dex: 20    Spells: 2/2 levels left

rFire    . . .     SeeInvis .   a - +2 dagger
rCold    . . .     Gourm    .   (no shield)
rNeg     . . .     Faith    .   c - +0 robe
rPois    .         Spirit   +   (no helmet)
rElec    .         Reflect  .   d - +0 cloak
rCorr    .         Harm     .   (no gloves)
MR       .....                  (no boots)
Stlth    ++++......             (no amulet)
HPRegen  0.09/turn              (no ring)
MPRegen  0.08/turn              (no ring)

@: agile, lethally poisoned (0 -> -9)
A: magic shield
a: no special abilities


You were on level 2 of the Dungeon.
You were not hungry.

You visited 1 branch of the dungeon, and saw 2 of its levels.

You collected 72 gold pieces.

Inventory:

Hand Weapons
 a - a +2 dagger (weapon)
 b - a +0 blowgun
Missiles
 e - 20 poisoned needles
 f - 4 curare-tipped needles
Armour
 c - a +0 robe (worn)
 d - a +0 cloak (worn)
Scrolls
 h - a scroll of amnesia {unknown}
 k - a scroll of identify {unknown}
 l - a scroll of teleportation {unknown}
 m - a scroll of enchant weapon {unknown}
 n - a scroll of blinking {unknown}
Potions
 j - a potion of agility
Comestibles
 g - a ration
 i - a chunk of flesh


   Skills:
 + Level 2.2 Fighting
 + Level 2.0 Short Blades
 - Level 1.8 Throwing
 + Level 0.8 Dodging
 * Level 4.4 Stealth


You had 2 spell levels left.
You didn't know any spells.
Your spell library was empty.

Dungeon Overview and Level Annotations

Branches:
Dungeon (2/15)

Altars:

Annotations:
D:2 Terence


Innate Abilities, Weirdness & Mutations

When hurt, damage is shared between your health and your magic reserves.


Message History

* * * LOW HITPOINT WARNING * * *
You feel sick.
* * * LOW HITPOINT WARNING * * *
You feel sick.
* * * LOW HITPOINT WARNING * * *
You feel sick.
* * * LOW HITPOINT WARNING * * *
You feel sick.
* * * LOW HITPOINT WARNING * * *
You feel sick.
* * * LOW HITPOINT WARNING * * *
You feel sick.
You see here a jackal skeleton.
Unknown command.
* * * LOW HITPOINT WARNING * * *
You feel sick.
Things that are here:
a +0 plate armour; a kobold skeleton Unknown command.
You die...

##........###.......#
..........#.........#
..........#.##.#....##
..........#.##........
.....)....#......##...
..........#.##...##...
..........#.##...##...
######[÷.............
#...@.@÷g..####...###
#.####.###)####...###
#.......##..÷........
######....................
#......##+##.##.######....
##....##8.8####.# #....
#...##.....###.# #....
#..##8.....8##.. ....
#.##.........####### ###


You could see Terence and a hobgoblin.

Vanquished Creatures
  A dart slug (D:1)
  4 giant cockroaches (D:1)
  2 goblins (D:1)
  3 hobgoblins
  2 jackals (D:2)
  A quokka (D:2)
  A bat (D:1)
  A frilled lizard (D:1)
  5 kobolds
  5 rats (D:1)
25 creatures vanquished.

Notes
Turn   | Place    | Note
-------+----------+-------------------------------------------
     0 | D:1      | Manul the Demonspawn Assassin began the quest for the Orb.
     0 | D:1      | Reached XP level 1. HP: 16/16 MP: 1/1
   184 | D:1      | Gained mutation: When hurt, damage is shared between your
                  | health and your magic reserves. [demonic ancestry]
   184 | D:1      | Reached XP level 2. HP: 20/22 MP: 2/2
   218 | D:1      | Reached skill level 4 in Stealth
   916 | D:2      | Reached XP level 3. HP: 21/27 MP: 1/3
   989 | D:2      | Noticed Terence
  1012 | D:2      | HP: 1/27 [poisoned by Terence]
  1014 | D:2      | Succumbed to Terence's poison

Vault maps used:
D:1:      scummos_arrival_star, minmay_misc_feat_rows
D:2:      wad_pebble_path, grunt_dithmenos_smoke, first_ration,
          dk_noncrumbling_4, skrybe_limestone_x, uniq_terence

Skill      XL: |  1  2 |
---------------+-------+-----
Stealth        | 4 |  4.4
Short Blades   | 2 |  2.0
Fighting       | |  2.2
Throwing       | |  1.8
Dodging        | |  0.8

Action                   || total
-------------------------++-------
Melee: Dagger            ||    60
  Use: Potion            ||     1
 Stab: Sleeping          ||    11
Armor: Robe              ||     7
Dodge: Dodged            ||    21

Table legend:
 A = Non-vault XP
 B = Vault XP
 C = Vault XP percentage of total XP
 D = Non-vault monster count
 E = Vault monster count
 F = Vault count percentage of total count
                 A         B        C        D         E       F
            +---------+---------+-------+---------+---------+-------
      Total |      42 |       0 |   0.0 |      25 |       0 |   0.0
            +---------+---------+-------+---------+---------+-------
        D:1 |      32 |       0 |   0.0 |      20 |       0 |   0.0
        D:2 |      10 |       0 |   0.0 |       5 |       0 |   0.0
            +---------+---------+-------+---------+---------+-------
